 Dungeon Crawl Stone Soup version 0.32-a0-876-gcfddb08e57 (webtiles) character file.

Game seed: 311125565309212128

89704 Autsider the Eclecticist (level 15, -1/140 HPs)
             Began as an Oni Hedge Wizard on Apr 1, 2024.
             Was the Champion of Hepliaklqana.
             Slain by a freezing wraith (15 damage)
             ... led by a death knight
             ... on level 13 of the Dungeon on Apr 2, 2024.
             The game lasted 02:48:08 (28344 turns).

Autsider the Eclecticist (Oni Hedge Wizard)        Turns: 28344, Time: 02:48:09

Health: -1/140     AC:  7    Str: 15    XL:     15   Next: 98%
Magic:  8/34       EV: 11    Int: 28    God:    Hepliaklqana [******]
Gold:   1326       SH:  0    Dex: 14    Spells: 22/44 levels left

rFire   . . .        V - +0 giant spiked club (heavy)
rCold   . . .        (shield currently unavailable)
rNeg    + . .        (body armour restricted)
rPois   +            e - +3 crown of Dyrovepreva {rElec Int+2 SInv}
rElec   +            J - +2 cloak
rCorr   +            (gloves unavailable)
SInv    +            (boots unavailable)
Will    +....        G - amulet of regeneration
Stlth   ++           b - ring "Ybusm" {rPois rN+ rCorr Str-3 Int+5}
HPRegen 1.23/turn    j - +6 ring of dexterity
MPRegen 0.24/turn

%: no passive effects
@: liquefying, slowed, slowed movement, very slow
A: reduced essence, large, unfitting armour, horns 1, tough skin 1, double
potion healing, drunken brawling
a: Renounce Religion, Recall Ancestor, Ancestor Identity, Transference, Idealise


You were on level 13 of the Dungeon.
You worshipped Hepliaklqana.
Hepliaklqana was exalted by your worship.
You visited 4 branches of the dungeon, and saw 22 of its levels.
You also visited: Sewer.

You collected 2032 gold pieces.
You spent 706 gold pieces at shops.

Inventory:

Hand Weapons
 d - a +2 giant club of flaming
 o - a +0 heavy giant spiked club
 V - a +0 heavy giant spiked club (weapon)
Armour
 e - the +3 crown of Dyrovepreva (worn) {rElec Int+2 SInv}
   (You acquired it on level 4 of the Dungeon)

   Int+2:     It affects your intelligence (+2).
   rElec:     It insulates you from electricity.
   SInv:      It lets you see invisible.
 J - a +2 cloak (worn)
Jewellery
 b - the ring "Ybusm" (left hand) {rPois rN+ rCorr Str-3 Int+5}
   (You found it on level 5 of the Lair of Beasts)

   [ring of positive energy]

   Str-3:     It affects your strength (-3).
   Int+5:     It affects your intelligence (+5).
   rPois:     It protects you from poison.
   rN+:       It protects you from negative energy.
   rCorr:     It protects you from acid and corrosion.
 j - a +6 ring of dexterity (right hand)
 u - a ring of fire
 A - a ring of see invisible
 C - a ring of protection from cold
 D - a ring of protection from cold
 G - an amulet of regeneration (around neck)
 O - an amulet of guardian spirit
 Y - a ring of magical power
Talismans
 a - a beast talisman
 i - a blade talisman
 m - a dragon-blood talisman
 F - a flux talisman
 Z - a maw talisman
Wands
 n - a wand of polymorph (12)
 z - a wand of warping (7)
 L - a wand of charming (4)
 M - a wand of flame (23)
 R - a wand of digging (2)
Scrolls
 g - a scroll of fog
 k - 2 scrolls of teleportation
 l - 4 scrolls of immolation
 p - 4 scrolls of vulnerability
 w - 6 scrolls of revelation
 y - 2 scrolls of summoning
 H - 2 scrolls of enchant armour
 K - 4 scrolls of poison
 Q - 3 scrolls of amnesia
 T - a scroll of blinking
 U - 7 scrolls of identify
Potions
 f - 2 potions of brilliance
 h - 3 potions of curing
 q - 7 potions of ambrosia
 r - 4 potions of lignification
 s - 2 potions of cancellation
 t - 2 potions of mutation
 v - 5 potions of might
 x - 5 potions of enlightenment
 B - 2 potions of resistance
 E - 2 potions of haste
 N - a potion of invisibility
 P - a potion of berserk rage
 S - 2 potions of magic
Miscellaneous
 I - a phantom mirror


   Skills:
 - Level 12.0 Fighting
 - Level 10.0 Maces & Flails
 + Level 6.9 Dodging
 - Level 2.0 Stealth
 - Level 15.0 Spellcasting
 - Level 11.0 Conjurations
 - Level 3.0 Summonings
 - Level 4.0 Translocations
 - Level 3.0 Air Magic
 - Level 6.0 Earth Magic
 + Level 9.3 Alchemy
 - Level 10.0 Invocations


You had 22 spell levels left.
You knew the following spells:

 Your Spells              Type           Power      Damage    Failure   Level
a - Magic Dart            Conj           100%       1d8       1%          1
b - Searing Ray           Conj           100%       2d8       1%          2
c - Fulminant Prism       Conj/Alch      33%        3d16      1%          4
d - Mephitic Cloud        Conj/Alch/Air  59%        N/A       1%          3
e - Leda's Liquefaction   Alch/Erth      29%        N/A       1%          4
w - Iskenderun's Mystic   Conj/Tloc      58%        2d12      (+2d61%     4
z - Blink                 Tloc           86%        N/A       1%          2
A - Call Imp              Summ           74%        N/A       1%          2

Your spell library contained the following spells:

 Spells                   Type           Power      Damage    Failure   Level
 Sandblast                Erth           100%       2d20      1%          1
 Sting                    Conj/Alch      100%       1d9       1%          1
 Cigotuvi's Dreadful Rot  Necr/Alch/Air  88%        N/A       1%          2
 Mercury Vapours          Alch/Air       100%       N/A       1%          2
 Passwall                 Erth           53%        N/A       1%          3
 Stone Arrow              Conj/Erth      100%       3d13      1%          3
 Swiftness                Air            37%        N/A       1%          3
 Brom's Barrelling Bould  Conj/Erth      62%        2d8       1%          4
 Olgreb's Toxic Radiance  Alch           65%        N/A       1%          4
 Petrify                  Alch/Erth      59%        N/A       1%          4
 Slow                     Hex            84%        N/A       2%          1
 Ensorcelled Hibernation  Hex/Ice        42%        N/A       3%          2
 Volatile Blastmotes      Fire/Tloc      64%        2d15      3%          3
 Arcjolt                  Conj/Air       28%        1d38      3%          5
 Maxwell's Portable Pile  Tloc           43%        2d(11-22) 4%          4
 Fugue of the Fallen      Necr           21%        N/A       7%          3
 Fireball                 Conj/Fire      25%        3d11      7%          5
 Anguish                  Hex/Necr       10%        N/A       24%         4
 Animate Dead             Necr           21%        N/A       24%         4
 Cause Fear               Hex            10%        N/A       24%         4
 Metabolic Englaciation   Hex/Ice        10%        N/A       54%         5
 Haunt                    Necr/Summ      14%        N/A       100%        7
 Ozocubu's Refrigeration  Ice            10%        4d9       100%        7
 Discord                  Hex            10%        N/A       100%        8
 Infestation              Necr           10%        N/A       100%        8
 Maxwell's Capacitive Co  Air            18%        ∞         100%        8
 Dragon's Call            Summ           18%        N/A       100%        9


Dungeon Overview and Level Annotations

Branches:
Dungeon (14/15)            Temple (1/1) D:6            Lair (5/5) D:11
 Shoals (0/4) Lair:2        Snake (0/4) Lair:2        Slime (0/5) Lair:5
    Orc (2/2) D:12            Elf (0/3) Orc:2         Sewer (visited)
 Vaults: D:13-14

Altars:
Ashenzari
Cheibriados
Dithmenos
Elyvilon
Fedhas
Gozag
Hepliaklqana
Kikubaaqudgha
Makhleb
Nemelex Xobeh
Okawaru
Qazlal
Ru
Sif Muna
Trog
Uskayaw
Vehumet
Wu Jian
Xom
Yredelemnul
Zin
The Shining One
Jiyva

Shops:
D:1 =   D:12 ?   Orc:2 [(*=[

Annotations:
D:1 exclusion: downstairs
D:4 exclusion: downstairs
D:5 3 runed translucent doors, Autsider's ghost, novice SpEn; Lanoc's ghost, novice CoHu; Xtruder99's ghost, amateur GnFi; junkhipster's ghost, amateur GrFi; zyxw121's ghost, amateur MiBe
D:7 exclusion: downstairs
D:9 1 transporter
D:10 exclusion: downstairs
D:13 exclusion: orange crystal statue
Lair:2 exclusion: 2 downstairs


Innate Abilities, Weirdness & Mutations

Your life essence is reduced to manifest your ancestor. (-10% HP)
You are too large for most types of armour.
You have a pair of small horns on your head.
You have tough skin. (AC +1)
You gain doubled healing and magic from potions.
Whenever you drink a healing potion, you attack all around you.


Message History

The death knight's dark mirror aura disappears.
The wraith barely misses you. The wraith hits you but does no damage.
The freezing wraith hits you!
* * * LOW HITPOINT WARNING * * *
The freezing wraith freezes you!
* * * LOW HITPOINT WARNING * * *
The freezing wraith hits you but does no damage.
There is a stone staircase leading down here.
The wraith hits you.
* * * LOW HITPOINT WARNING * * *
The freezing wraith hits you.
* * * LOW HITPOINT WARNING * * *
The freezing wraith freezes you!!
* * * LOW HITPOINT WARNING * * *
The freezing wraith barely misses you. The wraith closely misses you.
The freezing wraith barely misses you.
The freezing wraith hits you but does no damage.
You climb downwards.
The centaur warrior shouts!
The centaur shouts! x4
There is a stone staircase leading up here.
The centaur shouts!
The centaur wields a +0 orcbow.
The centaur shoots an arrow.
The arrow hits you.
* * * LOW HITPOINT WARNING * * *
The centaur wields a +0 shortbow.
The centaur shoots an arrow.
The arrow hits you!
* * * LOW HITPOINT WARNING * * *
The wraith closely misses you. The freezing wraith hits you.
* * * LOW HITPOINT WARNING * * *
The freezing wraith freezes you!!
* * * LOW HITPOINT WARNING * * *
The freezing wraith misses you.
The centaur shoots an arrow.
The arrow barely misses you.
You climb upwards.
Level annotation: exclusion: orange crystal statue The freezing wraith hits you.
* * * LOW HITPOINT WARNING * * *
The freezing wraith freezes you!
You die...
Hepliaklqana delivers you to your ancestors.

#...+......#
########.###......###########
.........# #####'#R.........#
.........#######.##.#######.#
.......).#....##'##.#.....#.#
......).W'[.[.....#.#.#R###.#
.....R.W.#.)...R..#.#.#..<#.#
......#..#####.WW.#.#.#.#.#.#
.......).....p.W@##.#.#...#.#
......#.....##.#.##.#.#####.#
).....#.....##......#.......#
......#.....####.################
......#.....+...................#
......#.#...####.##############.#
......#.#...####.######## #.#
......#...............).# #.#
#####.##########.######.# #.#


You could see the friendly Jaap the knight, a death knight (struggling), 2
freezing wraiths and a wraith.

Vanquished Creatures
  Donald (Orc:2)
  Kirke (Lair:3)
  2 dire elephants (Lair:5)
  3 ogre magi (Orc:2)
  A centaur warrior (D:13)
  4 hydras
  12 two-headed ogres
  An anaconda (Lair:2)
  A tengu warrior (D:13)
  4 death yaks
  Urug (Lair:4)
  Sonja (Lair:3)
  A skyshark (Lair:5)
  2 spectral death yaks (Lair:5)
  2 fire crabs (Lair:2)
  An obsidian statue (Lair:5)
  3 necromancers (Lair:5)
  A deep elf pyromancer (D:13)
  An ugly thing (D:13)
  A manticore (Orc:2)
  3 cyclopes
  10 elephants
  A dire elephant zombie (Lair:5)
  3 black mambas
  7 cane toads
  3 torpor snails
  2 orange demons (Orc:2)
  A kobold demonologist (D:12)
  An efreet (D:13)
  A rime drake (Lair:5)
  15 komodo dragons
  6 trolls
  2 polar bears
  A hornet (D:10)
  Grinder (D:5)
  12 blink frogs
  41 yaks
  2 hogs (Lair:3)
  4 basilisks
  A human (Lair:3)
  Grum (Lair:1)
  A wraith (D:11)
  2 steam dragons
  Menkaure (D:7)
  2 spectral cane toads (Lair:5)
  7 vampire mosquitoes
  3 nagas (Lair:2)
  2 acid dragons
  4 water moccasins
  19 orc warriors
  A sky beast (D:7)
  15 ogres
  4 black bears
  An elephant zombie (Lair:5)
  9 centaurs
  21 wolves
  3 phantoms
  3 kobold brigands
  16 bullfrogs
  9 scorpions
  A gnoll sergeant (D:7)
  15 wights
  4 knights
  30 killer bees
  5 electric eels
  6 howler monkeys
  A bombardier beetle (D:6)
  4 jellies
  4 hounds
  7 orc priests
  2 gnoll boudas (D:5)
  An iguana (D:7)
  18 orc wizards
  12 gnolls
  11 adders
  5 river rats (Sewer)
  A shadow imp (D:5)
  A white imp (D:6)
  A dart slug (D:5)
  A ribbon worm (D:2)
  42 orcs
  4 bats (D:1)
  8 endoplasms
  5 giant cockroaches
  3 goblins
  10 hobgoblins
  3 jackals (D:3)
  20 kobolds
  6 quokkas
  22 ball pythons
  6 frilled lizards (D:1)
  19 rats
  10 fulminant prisms
573 creatures vanquished.

Vanquished Creatures (collateral kills)
  Rupert (Lair:3)
  An ogre mage (Orc:2)
  2 centaur warriors (D:13)
  8 two-headed ogres (Orc:2)
  2 death yaks
  A spectral anaconda (Lair:5)
  A necromancer (Lair:5)
  2 manticores
  7 elephants
  3 black mambas
  An orange demon (Orc:2)
  2 cane toads
  7 komodo dragons
  A kobold demonologist (D:10)
  A rime drake (Lair:5)
  A queen bee (Lair:2)
  4 blink frogs
  18 yaks
  A wyvern (Lair:3)
  A hog (Lair:3)
  2 vampire mosquitoes
  A warg (D:12)
  A death yak simulacrum (Lair:5)
  A spectral cane toad (Lair:5)
  5 water moccasins
  4 orc warriors
  An elephant zombie (Lair:5)
  An ice beast (D:8)
  4 wolves
  2 centaurs
  13 ogres (Orc:2)
  An elephant skeleton (Lair:5)
  A kobold brigand (D:9)
  4 bullfrogs
  2 scorpions
  4 killer bees
  A bombardier beetle (D:3)
  2 orc priests
  A gnoll bouda (D:9)
  A sleepcap (D:4)
  4 orc wizards
  4 gnolls (D:9)
  An adder (D:2)
  8 orcs
  3 ball pythons
  2 endoplasms
  A hobgoblin (D:2)
  A quokka (D:2)
  A frilled lizard (Sewer)
  A goblin (D:2)
  A kobold (D:9)
  2 rats (Sewer)
146 creatures vanquished.

Vanquished Creatures (others)
  7 knights
  3 ancestors (D:7)
  202 fulminant prisms
212 creatures vanquished.

Grand Total: 931 creatures vanquished

Notes
Turn   | Place    | Note
-------+----------+-------------------------------------------
     0 | D:1      | Autsider the Oni Hedge Wizard began the quest for the Orb.
     0 | D:1      | Reached XP level 1. HP: 16/16 MP: 5/5
    31 | D:1      | Reached skill level 1 in Summonings
    42 | D:1      | Reached skill level 1 in Conjurations
   267 | D:1      | Reached XP level 2. HP: 24/24 MP: 3/6
   315 | D:1      | Learned a level 2 spell: Call Imp
   866 | D:1      | Found Joeqyfi's Jewellery Shop.
   945 | D:1      | Reached skill level 4 in Spellcasting
  1006 | D:1      | Learned a level 2 spell: Blink
  1216 | D:2      | Reached XP level 3. HP: 31/31 MP: 3/8
  1728 | D:2      | Reached XP level 4. HP: 35/39 MP: 1/10
  2044 | D:2      | Found a faded altar of an unknown god.
  2748 | D:3      | Reached XP level 5. HP: 39/45 MP: 3/12
  3310 | D:2      | Learned a level 2 spell: Searing Ray
  3314 | D:2      | Learned a level 3 spell: Mephitic Cloud
  3703 | D:4      | Identified a scroll of acquirement
  3703 | D:4      | Acquired the +3 crown of Dyrovepreva {rElec Int+2 SInv}
  3703 | D:4      | Found the +3 crown of Dyrovepreva {rElec Int+2 SInv}
  4058 | D:4      | Found a glowing drain.
  4157 | Sewer    | Entered a sewer
  4182 | Sewer    | Reached skill level 5 in Spellcasting
  4415 | Sewer    | Reached skill level 1 in Air Magic
  4415 | Sewer    | Reached XP level 6. HP: 53/53 MP: 5/13
  4596 | Sewer    | Reached skill level 1 in Alchemy
  4979 | Sewer    | Reached XP level 7. HP: 21/59 MP: 1/14
  5519 | D:5      | Entered Level 5 of the Dungeon
  5632 | D:5      | Reached skill level 1 in Translocations
  5870 | D:5      | Found a hazy altar of Hepliaklqana.
  6081 | D:5      | Reached skill level 1 in Fighting
  6247 | D:5      | Noticed Grinder
  6295 | D:5      | Killed Grinder
  6296 | D:5      | Reached skill level 1 in Maces & Flails
  6296 | D:5      | Reached XP level 8. HP: 75/75 MP: 11/15
  6974 | D:5      | Found a runed translucent gate.
  6974 | D:5      | Found a runed translucent gate.
  6974 | D:5      | Found a runed translucent gate.
  6975 | D:5      | Noticed zyxw121's ghost (amateur MiBe)
  6975 | D:5      | Noticed Xtruder99's ghost (amateur GnFi)
  6975 | D:5      | Noticed Autsider's ghost (novice SpEn)
  6975 | D:5      | Noticed junkhipster's ghost (amateur GrFi)
  6975 | D:5      | Noticed Lanoc's ghost (novice CoHu)
  7254 | D:5      | Became a worshipper of Hepliaklqana the Forgotten
  7265 | D:6      | Found a staircase to the Ecumenical Temple.
  7287 | Temple   | Entered the Ecumenical Temple
  7455 | D:6      | Reached skill level 5 in Fighting
  7817 | D:6      | Found a stormy altar of Qazlal.
  8111 | D:6      | Learned a level 4 spell: Fulminant Prism
  8190 | D:7      | Reached XP level 9. HP: 62/88 MP: 2/17
  8348 | D:7      | Noticed Menkaure
  8364 | D:7      | Killed Menkaure
  8365 | D:7      | Reached skill level 6 in Spellcasting
  8459 | D:7      | Reached skill level 5 in Conjurations
  8934 | D:7      | Reached skill level 7 in Spellcasting
  9268 | D:6      | Reached skill level 8 in Spellcasting
  9608 | D:7      | Reached * piety under Hepliaklqana
 10096 | D:7      | Reached XP level 10. HP: 86/86 MP: 2/22
 10276 | D:7      | Reached skill level 9 in Spellcasting
 11310 | D:1      | Bought an amulet of regeneration for 420 gold pieces
 11580 | D:8      | Found a sacrificial altar of Ru.
 11885 | D:9      | Found a transporter.
 11887 | D:9      | Reached ** piety under Hepliaklqana
 11888 | D:9      | Remembered your ancestor Jaap as a knight
 12122 | D:9      | Reached skill level 10 in Spellcasting
 12483 | D:9      | Reached skill level 5 in Maces & Flails
 12728 | D:9      | Noticed a great orb of eyes
 12896 | D:10     | Entered Level 10 of the Dungeon
 12937 | D:10     | Noticed a kobold demonologist
 12947 | D:10     | Killed a kobold demonologist
 13002 | D:10     | Reached XP level 11. HP: 96/96 MP: 12/25
 13165 | D:10     | Found a snail-covered altar of Cheibriados.
 13166 | D:10     | Found a glowing silver altar of Zin.
 13176 | D:10     | Found a sparkling altar of Nemelex Xobeh.
 13176 | D:10     | Found a shadowy altar of Dithmenos.
 13516 | D:10     | Reached skill level 5 in Dodging
 13705 | D:10     | Found a white marble altar of Elyvilon.
 14205 | D:10     | Found a basalt altar of Yredelemnul.
 14281 | D:11     | Noticed a manticore
 14387 | D:11     | Killed a manticore
 14537 | D:11     | Found a staircase to the Lair.
 14580 | D:11     | Reached skill level 1 in Invocations
 14652 | D:11     | Reached *** piety under Hepliaklqana
 14757 | D:11     | Reached skill level 5 in Alchemy
 15119 | D:11     | Noticed a two-headed ogre
 15128 | D:11     | Killed a two-headed ogre
 15540 | D:12     | Noticed a cyclops
 15540 | D:12     | Found Uxzohof's Magic Scroll Emporium.
 15706 | D:12     | Killed a cyclops
 15707 | D:12     | Reached skill level 11 in Spellcasting
 15707 | D:12     | Reached XP level 12. HP: 107/107 MP: 12/27
 15812 | D:12     | Noticed a sun demon
 15951 | D:12     | Bought a scroll of identify for 30 gold pieces
 16568 | D:12     | Reached skill level 5 in Invocations
 16901 | D:12     | Found a staircase to the Orcish Mines.
 17090 | Lair:1   | Entered Level 1 of the Lair of Beasts
 17090 | Lair:1   | Reached **** piety under Hepliaklqana
 17096 | Lair:1   | Learned a level 4 spell: Leda's Liquefaction
 17140 | Lair:1   | Noticed Grum
 17146 | Lair:1   | Killed Grum
 17147 | Lair:1   | Reached skill level 1 in Earth Magic
 17423 | Lair:1   | Reached skill level 12 in Spellcasting
 17538 | Lair:1   | Reached skill level 10 in Conjurations
 17821 | Lair:1   | Reached skill level 5 in Earth Magic
 17988 | Lair:1   | Noticed a death yak
 17990 | Lair:1   | Noticed a death yak
 18003 | Lair:1   | Killed a death yak
 18004 | Lair:1   | Reached XP level 13. HP: 73/114 MP: 12/29
 18947 | Lair:2   | Found a staircase to the Snake Pit.
 19290 | Lair:2   | Found a snail-covered altar of Cheibriados.
 19515 | Lair:2   | Found a staircase to the Shoals.
 20208 | Lair:2   | Reached skill level 10 in Fighting
 20411 | Lair:2   | Reached skill level 13 in Spellcasting
 20468 | Lair:2   | Identified the +5 rapier "Pyung" {freeze, Str-3 Int+8}
 20844 | Lair:3   | Noticed Sonja
 20905 | Lair:3   | Reached ***** piety under Hepliaklqana
 21080 | Lair:3   | Killed Sonja
 21081 | Lair:3   | Reached XP level 14. HP: 49/128 MP: 0/31
 21616 | Lair:3   | Noticed Kirke
 21629 | Lair:3   | Killed Kirke
 21661 | Lair:3   | Noticed Rupert
 21670 | Lair:3   | Killed Rupert
 21881 | Lair:3   | Reached skill level 14 in Spellcasting
 22373 | Lair:4   | Learned a level 4 spell: Iskenderun's Mystic Blast
 22411 | Lair:4   | HP: 1/128 [cane toad (15)]
 23166 | Lair:4   | Noticed Urug
 23181 | Lair:4   | Killed Urug
 23892 | Lair:5   | Entered Level 5 of the Lair of Beasts
 23979 | Lair:5   | Found a staircase to the Slime Pits.
 23979 | Lair:5   | Found a viscous altar of Jiyva.
 24588 | Lair:5   | Noticed a dire elephant
 24591 | Lair:5   | Noticed a dire elephant
 25231 | Lair:5   | Reached XP level 15. HP: 135/137 MP: 33/33
 25267 | Lair:5   | Identified the ring "Ybusm" {rPois rN+ rCorr Str-3 Int+5}
 25971 | Orc:1    | Entered Level 1 of the Orcish Mines
 26359 | Orc:1    | Reached ****** piety under Hepliaklqana
 26482 | Orc:2    | Entered Level 2 of the Orcish Mines
 27064 | Orc:2    | Reached skill level 10 in Invocations
 27069 | Orc:2    | Noticed Donald
 27098 | Orc:2    | Killed Donald
 27099 | Orc:2    | Reached skill level 15 in Spellcasting
 27276 | Orc:2    | Found Ydicrel's Jewellery Shop.
 27276 | Orc:2    | Found Zoegomit's Antique Armour Shoppe.
 27277 | Orc:2    | Found Alluanot's Antique Weapon Emporium.
 27277 | Orc:2    | Found Omet's Assorted Antiques.
 27295 | Orc:2    | Bought a scroll of brand weapon for 256 gold pieces
 27455 | Orc:2    | Found Xebow's Armour Boutique.
 27533 | Orc:2    | Found a staircase to the Elven Halls.
 27870 | D:13     | Reached skill level 10 in Maces & Flails
 28344 | D:13     | Slain by a freezing wraith

Illustrated notes

Levels and vault maps discovered:
D:1:      nzn_arrival_settlement, layout_loops_cross, serial_forest,
          infiniplex_forest_clump_small, infiniplex_forest_clump_double,
          infiniplex_forest_corner_1, infiniplex_forest_lined_2,
          infiniplex_forest_straight_4, serial_shops,
          nicolae_shop_pleasant_corner_grove, minmay_lizard_pond
D:2:      layout_rooms, ebering_ecumenical_altar_mist, minmay_ruptured
D:3:      layout_basic
D:4:      layout_basic, serial_glass, glass_columns_c, glass_columns_c,
          portal_sewer_entry_f, minmay_splitting_lines
D:5:      layout_basic, lemuel_tele_altar, gammafunk_ghost_cemetery,
          uniq_grinder
D:6:      layout_loops_ring, grunt_qazlal_sundering,
          minmay_temple_entry_statues_pillars
D:7:      layout_loops_ring, uniq_menkaure
D:8:      layout_cave_pools, nicolae_ru_the_path_less_chosen, billiards_dpeg
D:9:      gammafunk_jiyva_shrine, layout_loops_ring, kennysheep_big_empty_room
D:10:     layout_basic, kennysheep_ying_yang,
          mainiacjoe_overflow_surrounded_room,
          chequers_temple_overflow_statue_of_worship
D:11:     layout_roguey [special_room_orc], erik_lair_orcish_takeover
D:12:     layout_grid_maze, orc_0_dummy, serial_shops, nicolae_shop_crystal
D:13:     layout_basic, minivault_16
D:14:     layout_irregular_city, skrybe_vaults_entry_preservation,
          skrybe_limestone_x, nicolae_trove_entry_crystal
Temple:   nicolae_temple_god_jail
Lair:1:   layout_cave_shapes, beast_lair_carwin_8, uniq_grum
Lair:2:   layout_roguey [special_room_bee], minmay_shoals_entry_centaurs,
          guppyfry_snake_entry_garden, basic_altar, nicolae_lair_lakeside_cave
Lair:3:   layout_loops_ring, serial_bayou_shore_a, uniq_sonja, uniq_rupert,
          uniq_kirke
Lair:4:   layout_layer_cave, serial_bayou_shore_b, uniq_urug
Lair:5:   due_jungle_book, layout_regular_city, nicolae_slime_entry_slimehenge,
          serial_bayou, serial_bayou_pond_c, serial_bayou_pond_d,
          serial_bayou_pond_a, serial_bayou_pond_c
Orc:1:    layout_caves
Orc:2:    st_orc_ogre_mass, layout_caves, serial_shops, nicolae_shop_mannequins,
          einodemon_barbed_minivault, uniq_donald

Skill      XL: |  1  2  3  4  5  6  7  8  9 10 11 12 13 14 15 |
---------------+----------------------------------------------+-----
Summonings     | 1 2 3 |  3.0
Conjurations   | 1 2 3 4 6 8 10 11 | 11.0
Spellcasting   | 4 5 8 10 11 12 13 14 15 | 15.0
Air Magic      | 1 2 3 |  3.0
Alchemy        | 2 3 4 5 6 8 9 |  9.3
Translocations | 2 3 4 |  4.0
Fighting       | 3 5 6 8 10 11 12 | 12.0
Maces & Flails | 1 4 5 6 7 9 10 | 10.0
Dodging        | 3 5 6 |  6.9
Stealth        | 2 |  2.0
Invocations    | 3 6 9 10 | 10.0
Earth Magic    | 5 6 |  6.0

Action                     |  1- 3 |  4- 6 |  7- 9 | 10-12 | 13-15 || total
---------------------------+-------+-------+-------+-------+-------++-------
  Melee: Club              |    17 |    24 |       |       |       ||    41
         Headbutt          |     5 |     5 |     8 |    21 |    80 ||   119
         Unarmed           |       |       |     6 |       |       ||     6
         Giant club        |       |       |    54 |    91 |   134 ||   279
         Giant spiked club |       |       |       |       |   152 ||   152
   Cast: Magic Dart        |    88 |   164 |   117 |   162 |    62 ||   593
         Call Imp          |     5 |    14 |    19 |       |     2 ||    40
         Searing Ray       |       |    12 |    26 |    24 |     5 ||    67
         Blink             |       |     1 |     5 |     3 |    11 ||    20
         Mephitic Cloud    |       |       |    20 |    59 |   127 ||   206
         Fulminant Prism   |       |       |    20 |    60 |   132 ||   212
         Leda's Liquefacti |       |       |       |     1 |    19 ||    20
         Iskenderun's Myst |       |       |       |       |    11 ||    11
 Invoke: Ancestor Identity |       |       |     1 |       |       ||     1
         Ancestor Life: Kn |       |       |       |     1 |       ||     1
         Recall Ancestor   |       |       |       |     5 |     3 ||     8
  Evoke: Phantom mirror    |       |       |       |       |     1 ||     1
    Use: Scroll            |       |    12 |    19 |     3 |     6 ||    40
         Potion            |       |     1 |     1 |     5 |     4 ||    11
   Stab: Distracted        |       |     1 |       |     2 |     1 ||     4
         Confused          |       |       |     2 |     7 |    22 ||    31
         Sleeping          |       |       |       |       |     1 ||     1
 Armour: Skin              |    31 |    78 |    97 |   140 |   385 ||   731
  Dodge: Dodged            |    20 |    40 |    46 |    66 |   248 ||   420

Table legend: (Time is in decaauts)
 A = Elapsed time spent in this place.
 B = Non-inter-level travel time spent in this place.
 C = Inter-level travel time spent in this place.
 D = Time resting spent in this place.
 E = Time spent auto-exploring this place.
 F = Levels seen in this place.
 G = Mean time per level.
                   A        B        C        D        E       F      G
               +--------+--------+--------+--------+--------+-----+--------+
         Total |  28685 |  26804 |   1881 |   2080 |  19307 |  23 | 1247.2 |
       Dungeon |  17213 |  15726 |   1487 |   1003 |  11857 |  14 | 1229.5 |
        Temple |      4 |      2 |      2 |      0 |      0 |   1 |    4.0 |
          Lair |   8719 |   8369 |    350 |    525 |   5979 |   5 | 1743.8 |
  Orcish Mines |   1761 |   1720 |     41 |    340 |    859 |   2 |  880.5 |
         Sewer |    986 |    986 |      0 |    212 |    612 |   1 |  986.0 |
               +--------+--------+--------+--------+--------+-----+--------+

Top non-repeatable levels by time:
  Lair:2: 2263 daAuts
     D:7: 2138 daAuts
  Lair:5: 1998 daAuts
    D:11: 1751 daAuts
     D:5: 1685 daAuts
  Lair:1: 1546 daAuts
     D:6: 1544 daAuts
  Lair:4: 1509 daAuts
    D:12: 1497 daAuts
     D:2: 1478 daAuts
    D:10: 1430 daAuts
  Lair:3: 1402 daAuts
     D:1: 1336 daAuts
   Orc:2: 1206 daAuts
     D:9: 1043 daAuts
